 Dungeon Crawl Stone Soup version 0.29.0-4-gdea44cf6ec (webtiles) character file.

Game seed: 13573430462371353999

44 qw the Chopper (level 3, 0/21 HPs)
             Began as a Tengu Warper on Aug 28, 2022.
             Killed from afar by Sigmund (3 damage)
             ... with a magic dart
             ... on level 2 of the Dungeon.
             The game lasted 00:00:04 (948 turns).

qw the Chopper (Tengu Warper)                        Turns: 948, Time: 00:00:05

Health: 0/21       AC:  8    Str: 13    XL:     3   Next: 62%
Magic:  7/7        EV:  6    Int: 13    God:
Gold:   48         SH:  0    Dex: 13    Spells: 6/6 levels left

rFire   . . .      SeeInvis .   Y - +0 hand axe
rCold   . . .      Faith    .   (no shield)
rNeg    . . .      Spirit   .   m - +0 chain mail
rPois   .          Reflect  .   (helmet restricted)
rElec   .          Harm     .   (no cloak)
rCorr   .          Rampage  .   (no gloves)
Will    .....                   (boots unavailable)
Stlth   ..........              (no amulet)
HPRegen 0.07/turn               (no ring)
MPRegen 0.10/turn               (no ring)

@: confused
A: beak, talons 3
a: no special abilities


You were on level 2 of the Dungeon.
You visited 1 branch of the dungeon, and saw 2 of its levels.

You collected 48 gold pieces.


Innate Abilities, Weirdness & Mutations

You have a beak for a mouth.
You have claws for feet.


   Skills:
 - Level 2.0 Fighting
 + Level 4.3 Axes
 - Level 1.0 Throwing
 - Level 1.1 Armour
 - Level 2.1 Dodging
 - Level 2.0 Spellcasting
 - Level 2.4 Translocations


You had 6 spell levels left.
You didn't know any spells.
Your spell library contained the following spells:

 Spells                   Type           Power      Damage    Failure   Level
 Blink                    Tloc           14%        N/A       99%         2
 Gell's Gravitas          Tloc           7%         N/A       100%        3
 Lesser Beckoning         Tloc           7%         N/A       100%        3
 Teleport Other           Tloc           7%         N/A       100%        3
 Manifold Assault         Tloc           7%         N/A       100%        5

Inventory:

Hand Weapons
 f - a +0 club
 Y - a +0 hand axe (weapon)
Missiles
 e - 2 boomerangs (quivered)
Armour
 m - a +0 chain mail (worn)
Scrolls
 a - a scroll of identify
Potions
 g - a potion of haste {unknown}
 i - a potion of might

Dungeon Overview and Level Annotations

Branches:
Dungeon (2/15)

Altars:

Annotations:
D:2 Sigmund


Message History

Sigmund shouts!
You hear an angry hiss.
Sigmund moves out of view.
Sigmund and an adder come into view.
Found a robe.
The adder hisses angrily.
Sigmund mumbles some strange words.
Sigmund flickers and vanishes!
Deactivating autopickup; reactivate with Ctrl-A.
Something hits you!
A goblin comes into view. It is wielding a +0 dagger.
The goblin shouts!
The adder barely misses you. The adder bites you.
You closely miss the adder. You peck the adder.
The adder is moderately wounded.
Something hits you but does no damage. The adder barely misses you.
You barely miss the adder. Your kick misses the adder.
Your peck misses the adder.
The adder is moderately wounded.
The adder closely misses you. Something hits you.
You completely miss the adder. Your kick misses the adder.
The adder is moderately wounded.
The adder barely misses you. x2; Something hits you.
You hit the adder. You claw the adder.
You kill the adder!
942 ||| FLEEEEING.
You hear some strange, mumbled words.
You are confused.
You hear some strange, mumbled words.
You are more confused.
The goblin hits you but does no damage.
You bump into the stone wall.
The goblin hits you but does no damage. Something hits you but does no damage.
You hit the goblin.
You kill the goblin!
Something hits you but does no damage.
You bump into the rock wall.
Something hits you but does no damage.
A magic dart appears from out of thin air!
The magic dart hits you.
You die...

# #[.......
######........ .....##
......./.....#.#.....##
###.#...............[.+
# #.##.......#.#.....#
###.##........#.....# #
##............ .....#.#
##..##..8...8###)....#
##..##....8...#.@...#.#
#..##........#......###
##..##^.......#..{.....#
....##.......#.#.......#
##.###......#.#.#......#
##.###.....#.#.#.#.....#
....##....#.##.##.#.....
....<....#.###.# #.#...#
###.##..#.## .# #.#..#


There were no monsters in sight!

Vanquished Creatures
  3 adders (D:2)
  A dart slug (D:1)
  4 goblins
  3 kobolds (D:1)
  2 ball pythons
  3 bats
  A frilled lizard (D:1)
  A rat (D:1)
18 creatures vanquished.

Notes
Turn   | Place    | Note
-------+----------+-------------------------------------------
     0 | D:1      | qw the Tengu Warper began the quest for the Orb.
     0 | D:1      | Reached XP level 1. HP: 12/12 MP: 4/4
     0 | D:1      | 0 ||| qw: Version: 0.1-a-89-g26bdef1
     0 | D:1      | 0 ||| qw: Game counter: 405
     0 | D:1      | 0 ||| qw: Always use a shield: true
     0 | D:1      | 0 ||| qw: God list: Okawaru
     0 | D:1      | 0 ||| qw: Allow faded altars: false
     0 | D:1      | 0 ||| qw: Do Orc after D:15 true
     0 | D:1      | 0 ||| qw: Do second Lair branch before Depths: true
     0 | D:1      | 0 ||| qw: Lair rune preference: random
     0 | D:1      | 0 ||| qw: Plans: Normal
     0 | D:1      | 0 ||| PLANNING D:1-11
   111 | D:1      | 111 ||| Stepping ~*~*~tactically~*~*~ (stealth).
   298 | D:1      | Reached XP level 2. HP: 17/17 MP: 6/6
   299 | D:1      | 299 ||| Stepping ~*~*~tactically~*~*~ (hiding).
   405 | D:1      | Reached skill level 3 in Axes
   512 | D:1      | Found a faded altar of an unknown god.
   704 | D:1      | 704 ||| UPGRADING to +0 scale mail.
   714 | D:1      | 714 ||| DROPPING +0 leather armour.
   715 | D:1      | 715 ||| UPGRADING to +0 chain mail.
   725 | D:1      | 725 ||| DROPPING +0 scale mail.
   726 | D:1      | 726 ||| DROPPING amulet of magic regeneration.
   727 | D:1      | 727 ||| READING 2 scrolls labelled YCATRE KEFECUA.
   728 | D:1      | 728 ||| READING scroll labelled ORGHOV CAOFUGG.
   729 | D:1      | 729 ||| DRINKING 2 sedimented white potions.
   730 | D:1      | 730 ||| DRINKING 2 metallic grey potions.
   731 | D:1      | 731 ||| DROPPING scroll of blinking.
   732 | D:1      | 732 ||| DROPPING potion of magic.
   743 | D:2      | 743 ||| STAIRDANCE
   791 | D:2      | Reached XP level 3. HP: 21/21 MP: 7/7
   855 | D:2      | Reached skill level 4 in Axes
   933 | D:2      | Noticed Sigmund
   940 | D:2      | HP: 2/21 [something (5)]
   942 | D:2      | 942 ||| FLEEEEING.
   948 | D:2      | Killed from afar by Sigmund

Levels and vault maps discovered:
D:1:      dpeg_arrival_boxes_within_box, layout_rooms,
          ebering_ecumenical_altar_box, serial_bayou_pond_d,
          minmay_misc_feat_more_columns, roderic_roman_lattice
D:2:      wad_pebble_path, layout_loops_ring, uniq_sigmund

Skill      XL: |  1  2  3 |
---------------+----------+-----
Axes           | 3 4 |  4.3
Fighting       | |  2.0
Throwing       | |  1.0
Armour         | |  1.1
Dodging        | |  2.1
Spellcasting   | |  2.0
Translocations | |  2.4

Action                   || total
-------------------------++-------
Melee: Hand axe          ||    29
       Kick              ||     8
       Peck              ||     4
Throw: Boomerang         ||    14
  Use: Scroll            ||     2
       Potion            ||     2
Armor: Leather armour    ||     1
       Chain mail        ||    13
Dodge: Dodged            ||    11

Table legend:
 A = Non-vault XP
 B = Vault XP
 C = Vault XP percentage of total XP
 D = Non-vault monster count
 E = Vault monster count
 F = Vault count percentage of total count
                 A         B        C        D         E       F
            +---------+---------+-------+---------+---------+-------
      Total |      64 |       0 |   0.0 |      18 |       0 |   0.0
            +---------+---------+-------+---------+---------+-------
        D:1 |      19 |       0 |   0.0 |      12 |       0 |   0.0
        D:2 |      45 |       0 |   0.0 |       6 |       0 |   0.0
            +---------+---------+-------+---------+---------+-------
